 Dungeon Crawl Stone Soup version 0.32-a0-893-gf85d74f360 (webtiles) character file.

Game seed: 6721738518260934133

21497 MagicSucks the Fighter (level 12, -4/72 HPs)
             Began as a Vine Stalker Berserker on Apr 4, 2024.
             Was a High Priest of Trog.
             Slain by a meliai
             ... wielding a +0 war axe
              (7 damage)
             ... on level 11 of the Dungeon.
             The game lasted 00:12:53 (10317 turns).

MagicSucks the Fighter (Vine Stalker Berserker)    Turns: 10317, Time: 00:12:54

Health: -4/72      AC: 19    Str: 23    XL:     12   Next: 90%
Magic:  0/13       EV:  9    Int:  7    God:    Trog [*****.]
Gold:   701        SH:  8    Dex: 16    Spells: 11/11 levels left

rFire   + + +        U - +1 dagger (elec)
rCold   + . .        a - +3 warlock's mirror {omnireflect}
rNeg    + + .        G - +1 plate armour {rF+}
rPois   .            T - +3 hat of the Teacher {rN++}
rElec   .            N - scarf {rC+ rF+}
rCorr   .            x - +0 pair of gloves
SInv    .            (no boots)
Will    +++..        n - amulet of regeneration Stlth
                     e - ring of protection from fire
HPRegen 2.92/turn    (no ring)
MPRegen 0.13/turn

%: reflection, guardian spirit
@: strong-willed, regenerating
A: fangs 3, regeneration 1, magic shield, antimagic bite, no potion heal 2
a: Renounce Religion, Berserk, Trog's Hand, Brothers in Arms


You were on level 11 of the Dungeon.
You worshipped Trog.
Trog was extremely pleased with you.
You visited 1 branch of the dungeon, and saw 11 of its levels.
You also visited: Bailey.

You collected 861 gold pieces.
You spent 160 gold pieces at shops.

Inventory:

Hand Weapons
 M - a +3 dagger of chaos
 U - a +1 dagger of electrocution (weapon)
Armour
 a - the +3 warlock's mirror (worn) {omnireflect}
   (You found it on level 10 of the Dungeon)

   Omnireflect: It can block and reflect piercing ranged attacks and magical
   attacks against the wielder's willpower.
 b - the +6 lightning scales {swift, rElec}
   (You found it in a bailey)

   Swift:     It allows the wearer to cover ground more swiftly.
   rElec:     It insulates you from electricity.
 o - a +1 cloak
 x - a +0 pair of gloves (worn)
 G - a +1 plate armour of fire resistance (worn)
 N - a scarf of resistance (worn)
 Q - the +5 ring mail of Hepliaklqana's Scorn {Will++ Int+2}
   (You found it on level 9 of the Dungeon)

   Int+2:     It affects your intelligence (+2).
   Will++:    It greatly increases your willpower.
 T - the +3 hat of the Teacher (worn) {rN++}
   (You found it on level 9 of the Dungeon)

   rN++:      It greatly protects you from negative energy.
Jewellery
 e - a ring of protection from fire (left hand)
 n - an amulet of regeneration (around neck)
 J - a ring of ice
Wands
 l - a wand of mindburst (3)
 t - a wand of iceblast (14)
 A - a wand of polymorph (11)
 L - a wand of quicksilver (14)
 O - a wand of paralysis (4)
 S - a wand of flame (26)
Scrolls
 f - 3 scrolls of enchant armour
 g - 9 scrolls of teleportation
 i - 2 scrolls of amnesia
 m - 7 scrolls of enchant weapon
 q - a scroll of acquirement {unknown}
 r - 2 scrolls of immolation
 u - a scroll of revelation {unknown}
 y - 2 scrolls of blinking
 z - a scroll of fear
 B - a scroll of summoning
 C - a scroll of poison
 F - 2 scrolls of fog
 R - 3 scrolls of vulnerability
Potions
 c - 3 potions of resistance {unknown}
 d - 3 potions of ambrosia {unknown}
 h - 4 potions of mutation {unknown}
 j - 5 potions of curing
 k - 2 potions of berserk rage
 p - 2 potions of attraction {unknown}
 s - a potion of lignification {unknown}
 v - 3 potions of enlightenment {unknown}
 w - 3 potions of invisibility
 D - 2 potions of degeneration {unknown}
 H - 2 potions of might {unknown}
 K - 4 potions of haste {unknown}
 P - a potion of cancellation {unknown}
Miscellaneous
 I - a box of beasts


   Skills:
 + Level 12.3 Fighting
 - Level 9.1 Short Blades
 - Level 8.3 Armour
 + Level 7.8 Dodging
 + Level 3.5 Shields


You had 11 spell levels left.
You didn't know any spells.
Your spell library was empty.

Dungeon Overview and Level Annotations

Branches:
Dungeon (11/15)            Temple (0/1) D:4            Lair (0/5) D:10
    Orc (0/2) D:10         Bailey (visited)

Altars:
Ashenzari
Dithmenos
Elyvilon
Kikubaaqudgha
Makhleb
Nemelex Xobeh
Sif Muna
Trog
Yredelemnul
Zin
The Shining One

Shops:
D:2 :   D:6 *   D:9 [   D:10 !

Annotations:
D:10 3 runed translucent doors, Nico3ck's ghost, journeyman DsHW; epen's ghost, journeyman GnCK; zyxw121's ghost, novice MDFi


Innate Abilities, Weirdness & Mutations

You have razor-sharp teeth.
Your natural rate of healing is unusually fast.
When hurt, damage is shared between your health and your magic reserves.
Your bite disrupts and absorbs the magic of your enemies.
Potions cannot restore your health.


Message History

The meliai hits you with a +0 hand axe. The meliai stings you.
Unknown command.
Aiming: Iceblast
Press: ? - help, Shift-Dir - straight line, f - gnoll
Aim: a gnoll, wielding a +0 club The mass of ice explodes!
The iceblast engulfs the meliai!
The meliai is severely wounded.
The iceblast engulfs the gnoll!!
You kill the gnoll!
Trog accepts your kill.
The iceblast engulfs the meliai!
You kill the meliai!
Trog accepts your kill.
The iceblast engulfs the meliai!
You kill the meliai!
Trog accepts your kill. The iceblast engulfs you! You partially resist.
The meliai calls down the wrath of its god upon you.
Something smites you!
* * * LOW HITPOINT WARNING * * *
The meliai hits you with a +0 war axe!
* * * LOW HITPOINT WARNING * * *
The meliai stings you but does no damage.
Unknown command.
Unknown command.
Your skin crawls.
You feel strong-willed. The meliai misses you. You block the meliai's attack.
You block the gnoll's attack. The meliai hits you but does no damage.
The meliai stings you but does no damage.
The meliai attacks as it pursues you! You block the meliai's attack. x2
The meliai hits you with a +0 war axe!
* * * LOW HITPOINT WARNING * * *
The meliai closely misses you.
Unknown command.
The gnoll attacks as it pursues you! The gnoll closely misses you.
The meliai hits you with a +0 war axe!
* * * LOW HITPOINT WARNING * * *
The meliai stings you!
You die...

##########################
..........................
....g.)gy@............##..
.....)g)g......##.........
....g..........##.........
..........................
..........................
...#######................
...#.....#................
.. #.....####'###########.
#....:..........#....##


You could see a gnoll sergeant, a meliai and 4 gnolls.

Vanquished Creatures
  A two-headed ogre (D:11)
  A skyshark (D:10)
  8 arcanists (D:10)
  Pikel (D:6)
  2 deep elf pyromancers
  An orc knight (Bailey)
  A deep elf zephyrmancer (D:9)
  An ugly thing (D:11)
  2 meliai (D:11)
  2 gargoyles
  3 kobold demonologists
  An unseen horror (D:5)
  Psyche (D:8)
  2 trolls (D:11)
  2 hornets
  Prince Ribbit (D:5)
  Grinder (D:3)
  A wyvern (D:8)
  A wraith (D:11)
  A shadow (D:11)
  22 yaks
  A warg (D:10)
  2 vampire mosquitoes (D:11)
  A steam dragon (D:6)
  15 orc warriors
  2 swamp drakes
  An ice beast (D:6)
  3 black bears
  A sky beast (D:6)
  3 ogres
  7 centaurs
  2 wolves (D:10)
  3 lemures (D:6)
  A phantom (D:5)
  4 kobold brigands
  Blork the orc (D:4)
  3 bullfrogs
  2 scorpions
  A wyvern zombie (D:6)
  6 wights
  4 killer bees
  A crimson imp (D:9)
  A bombardier beetle (D:7)
  2 bullfrog zombies (D:6)
  A centaur zombie (D:6)
  A gnoll bouda (D:10)
  A human zombie (D:6)
  10 orc priests
  5 hounds
  An iron imp (D:9)
  3 jellies (D:7)
  A sleepcap (D:4)
  Ijyb (D:3)
  5 iguanas (D:5)
  14 orc wizards
  4 mummies (D:6)
  A howler monkey zombie (D:6)
  Robin (D:3)
  6 adders
  11 gnolls
  A shadow imp (D:9)
  6 white imps
  2 ufetubi (D:7)
  3 dart slugs
  69 orcs
  5 ball pythons
  3 bats
  6 endoplasms
  5 giant cockroaches
  18 goblins
  7 hobgoblins
  7 jackals
  3 quokkas
  7 frilled lizards
  24 kobolds
  5 rats
360 creatures vanquished.

Vanquished Creatures (others)
  2 orc wizards
2 creatures vanquished.

Grand Total: 362 creatures vanquished

Notes
Turn   | Place    | Note
-------+----------+-------------------------------------------
     0 | D:1      | MagicSucks the Vine Stalker Berserker began the quest for
                  | the Orb.
     0 | D:1      | Reached XP level 1. HP: 11/11 MP: 2/2
   147 | D:1      | Reached XP level 2. HP: 14/16 MP: 3/3
   602 | D:1      | Reached skill level 3 in Fighting
   616 | D:1      | Found a faded altar of an unknown god.
   687 | D:2      | Reached ** piety under Trog
   831 | D:2      | Reached XP level 3. HP: 20/20 MP: 4/4
  1388 | D:2      | Found Qosu's Vocational Training.
  1640 | D:3      | Reached XP level 4. HP: 24/24 MP: 5/5
  1665 | D:3      | Noticed Ijyb
  1675 | D:3      | Killed Ijyb
  1745 | D:3      | Noticed Grinder
  1757 | D:3      | Paralysed by Grinder for 3 turns
  1785 | D:3      | Killed Grinder
  1786 | D:3      | Reached skill level 4 in Fighting
  1786 | D:3      | Reached XP level 5. HP: 7/29 MP: 6/6
  1786 | D:3      | Reached XP level 6. HP: 8/33 MP: 7/7
  1889 | D:3      | Found a white marble altar of Elyvilon.
  2023 | D:3      | Found a bloodstained altar of Trog.
  2107 | D:3      | Found a broken altar of Ashenzari.
  2262 | D:3      | Noticed Robin
  2297 | D:3      | Killed Robin
  2305 | D:3      | Reached *** piety under Trog
  2540 | D:4      | Noticed Blork the orc
  2548 | D:4      | Killed Blork the orc
  2583 | D:4      | Reached XP level 7. HP: 32/38 MP: 6/8
  2596 | D:4      | Found a shimmering blue altar of Sif Muna.
  2856 | D:4      | Found a sparkling altar of Nemelex Xobeh.
  3039 | D:4      | Found a staircase to the Ecumenical Temple.
  3227 | D:5      | Entered Level 5 of the Dungeon
  3358 | D:6      | Reached skill level 5 in Fighting
  3358 | D:6      | Reached skill level 5 in Short Blades
  3437 | D:6      | Noticed a steam dragon
  3445 | D:6      | Killed a steam dragon
  3446 | D:6      | Gained mutation: You have razor-sharp teeth. [Vine Stalker
                  | growth]
  3446 | D:6      | Reached XP level 8. HP: 44/44 MP: 9/9
  3540 | D:6      | Found Iqojoggoara's General Store.
  3608 | D:6      | Noticed Pikel
  3676 | D:6      | Killed Pikel
  3677 | D:6      | Reached skill level 6 in Fighting
  3677 | D:6      | Reached skill level 5 in Armour
  3791 | D:6      | Reached XP level 9. HP: 37/49 MP: 6/10
  3942 | D:6      | Found a burning altar of Makhleb.
  3942 | D:6      | Found a glowing silver altar of Zin.
  4016 | D:6      | Bought a scroll of fear for 56 gold pieces
  4153 | D:6      | Found a basalt altar of Yredelemnul.
  4242 | D:6      | Reached skill level 7 in Fighting
  4445 | D:5      | Noticed Prince Ribbit
  4460 | D:5      | Killed Prince Ribbit
  4626 | D:5      | Found a shadowy altar of Dithmenos.
  4834 | D:5      | Killed an unseen horror
  5245 | D:7      | Noticed a hornet
  5262 | D:7      | Found a flagged portal.
  5285 | Bailey   | Entered a bailey
  5348 | Bailey   | Reached XP level 10. HP: 31/56 MP: 3/11
  5411 | Bailey   | Noticed an orc knight
  5426 | Bailey   | Reached skill level 8 in Fighting
  5426 | Bailey   | Killed an orc knight
  5540 | Bailey   | Found a large runed translucent door.
  5540 | Bailey   | Found a large runed translucent door.
  5541 | Bailey   | Noticed a deep elf pyromancer
  5542 | Bailey   | Found the +6 lightning scales {swift, rElec}
  5636 | Bailey   | Killed a deep elf pyromancer
  5840 | D:7      | Reached **** piety under Trog
  5968 | D:7      | Found an ancient bone altar of Kikubaaqudgha.
  6160 | D:7      | Noticed a gargoyle
  6183 | D:7      | Killed a gargoyle
  6244 | D:7      | Paralysed by a hornet for 2 turns
  6258 | D:7      | Reached skill level 9 in Fighting
  6857 | D:8      | Noticed Psyche
  6880 | D:8      | Killed Psyche
  6881 | D:8      | Reached XP level 11. HP: 61/62 MP: 10/12
  7333 | D:8      | Found a glowing golden altar of the Shining One.
  7392 | D:9      | Found Ziut's Armour Shoppe.
  7463 | D:9      | Identified the +5 ring mail of Hepliaklqana's Scorn {Will++
                  | Int+2}
  7636 | D:9      | Reached ***** piety under Trog
  8001 | D:9      | Reached skill level 10 in Fighting
  8033 | D:9      | Noticed a deep elf zephyrmancer
  8040 | D:9      | Killed a deep elf zephyrmancer
  8048 | D:9      | Noticed a deep elf pyromancer
  8056 | D:9      | Killed a deep elf pyromancer
  8058 | D:9      | Identified the +3 hat of the Teacher {rN++}
  8139 | D:10     | Entered Level 10 of the Dungeon
  8225 | D:10     | Found a staircase to the Lair.
  8314 | D:10     | Reached skill level 5 in Dodging
  8336 | D:10     | Found a runed translucent gate.
  8336 | D:10     | Found a runed translucent gate.
  8336 | D:10     | Found a runed translucent gate.
  8383 | D:10     | Noticed an arcanist
  8492 | D:10     | Killed an arcanist
  8576 | D:10     | Found a staircase to the Orcish Mines.
  8621 | D:10     | Noticed an arcanist
  8628 | D:10     | an arcanist changed into a skyshark
  8628 | D:10     | Noticed a skyshark
  8634 | D:10     | Killed a skyshark
  8635 | D:10     | Reached skill level 11 in Fighting
  8635 | D:10     | Reached XP level 12. HP: 66/70 MP: 13/13
  8743 | D:10     | Identified the +0 chain mail of Spaghetti {rN+}
  8823 | D:10     | Reached ****** piety under Trog
  8872 | D:10     | Received a gift from Trog
  8900 | D:10     | Found the +3 warlock's mirror {omnireflect}
  9135 | D:10     | Found Sohiqoa's Distillery.
  9143 | D:10     | Bought a potion of invisibility for 104 gold pieces
  9274 | D:10     | Noticed Nico3ck's ghost (journeyman DsHW)
  9274 | D:10     | Noticed zyxw121's ghost (novice MDFi)
  9274 | D:10     | Noticed epen's ghost (journeyman GnCK)
  9643 | D:11     | Reached skill level 1 in Shields
  9867 | D:11     | Reached skill level 12 in Fighting
 10234 | D:11     | Noticed a two-headed ogre
 10249 | D:11     | Killed a two-headed ogre
 10317 | D:11     | HP: 3/72 [meliai/+0 war axe (12)]
 10317 | D:11     | Slain by a meliai

Illustrated notes

Levels and vault maps discovered:
D:1:      dpeg_arrival_renting, layout_basic, ebering_ecumenical_altar_webs
D:2:      layout_loops_ring, serial_bayou, serial_bayou_shore_b,
          serial_bayou_lake_a, serial_bayou_ford_a, serial_bayou_shore_b,
          nicolae_shop_vocational
D:3:      layout_basic, trog_book, marbit_many_paths, elyvilon_altar_1,
          uniq_robin, uniq_grinder, uniq_ijyb
D:4:      layout_loops_ring, amcnicky_altar_gilded, nemelex_spade_bored_becter,
          minmay_temple_entry_grid, serial_library_hellmonk_h_bend,
          uniq_blork_the_orc
D:5:      layout_gridville, nicolae_dithmenos_the_darkroom, uniq_prince_ribbit1
D:6:      hellmonk_crumbling_castle, layout_cave_pools,
          grunt_temple_overflow_order_and_chaos_2,
          lemuel_mausoleum_altar_yredelemnul, portal_sewer_entry_d,
          kennysheep_windowed_goal, uniq_pikel
D:7:      layout_basic, kiku_gazebo_garden_becter, enter_bailey_4,
          grunt_potential
D:8:      layout_rooms, lemuel_round_altar, uniq_psyche
D:9:      minmay_evil_eye, layout_cave_pools, serial_shops,
          nicolae_shop_getting_attention, hangedman_minor_magic
D:10:     minmay_smoke_and_mirrors, layout_basic, erik_lair_orcish_takeover,
          david_orc_3, gammafunk_ghost_cemetery, serial_shops, shop,
          dk_vineyard_2, nicolae_elevator_lobby_plus
D:11:     layout_stronghold

Skill      XL: |  1  2  3  4  5  6  7  8  9 10 11 12 |
---------------+-------------------------------------+-----
Fighting       | 3 4 5 6 7 9 11 12 | 12.3
Short Blades   | 3 4 5 6 7 9 |  9.1
Armour         | 2 3 4 5 6 8 |  8.3
Dodging        | 5 7 |  7.8
Shields        | 3 |  3.5

Action                     |  1- 3 |  4- 6 |  7- 9 | 10-12 || total
---------------------------+-------+-------+-------+-------++-------
  Melee: Short sword       |   115 |   161 |   531 |   348 ||  1155
         Bite              |    32 |    45 |   212 |   415 ||   704
         Dagger            |       |       |       |   745 ||   745
 Invoke: Berserk           |       |     3 |     4 |     4 ||    11
         Trog's Hand       |       |       |     6 |     2 ||     8
  Evoke: Wand              |       |       |     3 |     5 ||     8
    Use: Scroll            |       |       |       |    14 ||    14
   Stab: Sleeping          |     5 |       |       |       ||     5
         Paralysed         |       |       |       |     3 ||     3
         Confused          |       |       |       |     1 ||     1
         Petrifying        |       |       |       |     1 ||     1
 Armour: Animal skin       |    48 |   107 |   426 |       ||   581
         Plate armour      |       |       |       |   784 ||   784
         Ring mail         |       |       |       |    23 ||    23
  Dodge: Dodged            |    49 |    81 |   223 |   286 ||   639
  Block: Buckler           |       |       |       |    58 ||    58
         Reflection        |       |       |       |     2 ||     2

Table legend: (Time is in decaauts)
 A = Elapsed time spent in this place.
 B = Non-inter-level travel time spent in this place.
 C = Inter-level travel time spent in this place.
 D = Time resting spent in this place.
 E = Time spent auto-exploring this place.
 F = Levels seen in this place.
 G = Mean time per level.
                   A        B        C        D        E       F      G
               +--------+--------+--------+--------+--------+-----+--------+
         Total |   9717 |   9279 |    438 |    324 |   6427 |  12 |  809.8 |
       Dungeon |   9290 |   8852 |    438 |    234 |   6276 |  11 |  844.5 |
        Bailey |    426 |    426 |      0 |     90 |    151 |   1 |  426.0 |
               +--------+--------+--------+--------+--------+-----+--------+

Top non-repeatable levels by time:
    D:10: 1222 daAuts
     D:7: 1052 daAuts
     D:6: 1010 daAuts
     D:3: 886 daAuts
     D:2: 860 daAuts
     D:5: 827 daAuts
     D:4: 814 daAuts
     D:9: 759 daAuts
    D:11: 657 daAuts
     D:1: 656 daAuts
     D:8: 541 daAuts
  Bailey: 426 daAuts
